[Event "ICC tourney 2716 (40 10)"]
[Site "Internet Chess Club"]
[Date "2021.10.23"]
[Round "4"]
[White "LIANG, ETHAN Y:ELCCEthan488"]
[Black "HO, CARTER:corviknight"]
[Result "0-1"]
[ICCResult "White resigns"]
[WhiteElo "1799"]
[BlackElo "1931"]
[Opening "QGD Slav defense: exchange variation"]
[ECO "D10"]
[NIC "SL.01"]
[Time "17:45:41"]
[PlyCount "134"]
[TimeControl "2400+10"]

1. d4 d5 2. c4 c6 3. cxd5 cxd5 4. Bf4 Nf6 5. Nc3 Nc6 6. e3 Bf5 7. Qb3 Na5 8.
Bb5+ Bd7 9. Qa4 Nc6 10. Qb3 e6 11. Nf3 Be7 12. O-O O-O 13. Rac1 a6 14. Bd3
b5 15. Ne5 Na5 16. Qc2 Rc8 17. a3 g6 18. Qe2 Nc4 19. h3 a5 20. b3 Nxa3 21.
Nxb5 Bxb5 22. Bxb5 Qb6 23. Ba4 Ne4 24. Nd7 Qb4 25. Nxf8 Rxf8 26. Qe1 Nd2 27.
Rc7 Bd8 28. Rc8 Nxf1 29. Qxb4 axb4 30. Bh6 Nd2 31. Bxf8 Kxf8 32. Rxd8+ Ke7
33. Rd7+ Kf6 34. Rb7 Nc2 35. f3 Nxe3 36. Rxb4 Nc2 37. Rb7 Nxd4 38. b4 Nc4
39. Kf2 e5 40. Bb5 Nd6 41. Bc6 Nxb7 42. Bxb7 Ke6 43. Ba6 Kd6 44. Bd3 f5 45.
Ke3 Nc6 46. b5 Nb4 47. Be2 d4+ 48. Kd2 Nd5 49. Bd3 Kc5 50. g4 fxg4 51. fxg4
Nf4 52. Bf1 e4 53. h4 e3+ 54. Ke1 d3 55. Bxd3 Nxd3+ 56. Ke2 Ne5 57. Kxe3
Nxg4+ 58. Kf4 Nf6 59. Kg5 Ng8 60. Kf4 Kxb5 61. Ke5 Kc5 62. Ke6 Kd4 63. Kf7
Ke5 64. Kxg8 h5 65. Kf7 Kf5 66. Kg7 g5 67. hxg5 Kxg5 {White resigns} 0-1

[Event "ICC tourney 2716 (40 10)"]
[Site "Internet Chess Club"]
[Date "2021.10.23"]
[Round "4"]
[White "Belous, Vladimir:Openyagami"]
[Black "FAWZY, ADHAM:domti"]
[Result "1-0"]
[ICCResult "Black resigns"]
[WhiteElo "2568"]
[BlackElo "2542"]
[Opening "English: symmetrical variation"]
[ECO "A30"]
[NIC "EO.64"]
[Time "17:45:38"]
[PlyCount "71"]
[TimeControl "2400+10"]

1. c4 c5 2. Nf3 Nc6 3. Nc3 e5 4. e3 Nf6 5. d4 e4 6. d5 exf3 7. dxc6 dxc6 8.
Qxd8+ Kxd8 9. gxf3 g6 10. b3 Bg7 11. Bb2 Ke7 12. Ne4 b6 13. Bg2 Rd8 14. f4
Nxe4 15. Bxg7 Bf5 16. f3 Nf6 17. Rd1 Rxd1+ 18. Kxd1 a5 19. e4 Be6 20. Kc2 a4
21. Kb2 b5 22. Rc1 Rd8 23. Kc3 b4+ 24. Kc2 a3 25. Bh6 Rd4 26. Bg5 Bc8 27.
Rd1 Rxd1 28. Kxd1 Be6 29. e5 Bf5 30. Bxf6+ Kd7 31. Kd2 Be6 32. Bf1 Ke8 33.
Bd3 Bh3 34. Ke3 Be6 35. f5 gxf5 36. Kf4 {Black resigns} 1-0

[Event "ICC tourney 2716 (40 10)"]
[Site "Internet Chess Club"]
[Date "2021.10.23"]
[Round "4"]
[White "GUO, YU HAN (VERONICA):VeronicaG"]
[Black "HO, COOPER:arsenicblast"]
[Result "0-1"]
[ICCResult "White resigns"]
[WhiteElo "1650"]
[BlackElo "1868"]
[Opening "QGD Slav: 4.e3"]
[ECO "D11"]
[NIC "SL.01"]
[Time "17:45:40"]
[PlyCount "122"]
[TimeControl "2400+10"]

1. d4 d5 2. c4 c6 3. Nf3 Nf6 4. e3 g6 5. Nc3 Bg7 6. Be2 O-O 7. O-O dxc4 8.
Bxc4 Bg4 9. h3 Bxf3 10. Qxf3 Nbd7 11. Rd1 e5 12. b3 exd4 13. exd4 Nb6 14.
Bf1 Nfd5 15. Ne4 Nd7 16. Ba3 Ne7 17. Nd6 Rb8 18. Bc4 Nf6 19. g4 Ned5 20. g5
Nh5 21. h4 Qa5 22. Bc5 Nhf4 23. Bxd5 Nxd5 24. Nc4 Qc7 25. Bd6 Qc8 26. Bxf8
Qxf8 27. Ne5 Rd8 28. Rac1 Nc7 29. Ng4 Ne6 30. d5 Nd4 31. Nf6+ Bxf6 32. Qxf6
Ne2+ 33. Kh1 Nxc1 34. Rxc1 Rxd5 35. Re1 Rf5 36. Qd4 Qc8 37. Re7 Rd5 38. Qe3
Qg4 39. Re4 Rd1+ 40. Kh2 Qg1+ 41. Kh3 Qh1+ 42. Kg3 Rg1+ 43. Kf4 Qxh4+ 44.
Ke5 Qxg5+ 45. Qxg5 Rxg5+ 46. Kf6 Rf5+ 47. Ke7 Rxf2 48. Kd6 Rxa2 49. Ke7 Kg7
50. Ke8 h5 51. Re7 Rf2 52. Rxb7 h4 53. Rxa7 h3 54. Ra1 h2 55. Kd7 g5 56.
Kxc6 g4 57. b4 g3 58. b5 g2 59. b6 h1=Q 60. Rxh1 gxh1=Q+ 61. Kc7 Rb2
{White resigns}
0-1

[Event "ICC tourney 2716 (40 10)"]
[Site "Internet Chess Club"]
[Date "2021.10.23"]
[Round "4"]
[White "PLUM, MARC:Slivovitz"]
[Black "FILIPOVICH, DAVID MICHAEL:dmfcan"]
[Result "0-1"]
[ICCResult "White resigns"]
[WhiteElo "1929"]
[BlackElo "2050"]
[Opening "Réti opening"]
[ECO "A04"]
[NIC "QP.11"]
[Time "17:45:30"]
[PlyCount "90"]
[TimeControl "2400+10"]

1. Nf3 g6 2. d4 Bg7 3. c4 d6 4. Nc3 e5 5. dxe5 dxe5 6. Qxd8+ Kxd8 7. Bg5+ f6
8. O-O-O+ Nd7 9. Be3 Bh6 10. Bxh6 Nxh6 11. h3 c6 12. e3 Kc7 13. Be2 a5 14.
Ne4 Nf7 15. Rd2 f5 16. Nc3 Nc5 17. Rc2 a4 18. Rd1 Bd7 19. Ne1 e4 20. Rcd2
Be6 21. Nc2 Ne5 22. Na3 Ned3+ 23. Bxd3 exd3 24. Kb1 g5 25. Re1 Rad8 26. f3
h5 27. Nd1 g4 28. Nf2 gxf3 29. gxf3 Rhg8 30. Red1 Rg3 31. Nxd3 Rxd3 32. Rxd3
Nxd3 33. Rxd3 Rxf3 34. b3 axb3 35. axb3 Rxh3 36. Nc2 f4 37. Nd4 Bd7 38. Kc1
Rxe3 39. Rxe3 fxe3 40. Nc2 e2 41. Kd2 Bg4 42. Ne3 Kd6 43. b4 b6 44. Ng2 Ke5
45. b5 cxb5 {White resigns} 0-1

[Event "ICC tourney 2716 (40 10)"]
[Site "Internet Chess Club"]
[Date "2021.10.23"]
[Round "4"]
[White "TRANDAFIR, STEFAN:trandaferrari"]
[Black "BAYYARAPU, MOHIT SREEJAN:mohitbayyarapu"]
[Result "1-0"]
[ICCResult "Black checkmated"]
[WhiteElo "1882"]
[BlackElo "1652"]
[Opening "Sicilian: Alapin's variation (2.c3)"]
[ECO "B22"]
[NIC "SI.46"]
[Time "17:45:26"]
[PlyCount "111"]
[TimeControl "2400+10"]

1. e4 c5 2. c3 e6 3. d4 cxd4 4. cxd4 d5 5. e5 Nc6 6. Nf3 f6 7. exf6 Nxf6 8.
Be2 Bd6 9. O-O O-O 10. Nc3 a6 11. Bg5 Bd7 12. Re1 Qc7 13. Rc1 Rac8 14. Bd3
Kh8 15. a3 Ng4 16. g3 Nxf2 17. Kxf2 Nxd4 18. Be2 Bc5 19. Kg2 Nxe2 20. Qxe2
Qb6 21. Bf4 Rf5 22. b4 Bd4 23. Nxd4 Qxd4 24. Qe3 Qf6 25. Be5 Qf7 26. Rf1 Rc4
27. Rxf5 exf5 28. Bd4 f4 29. Qe5 f3+ 30. Kf2 Rc6 31. Re1 h6 32. Re3 Re6 33.
Qxd5 Qg6 34. Qxd7 Rd6 35. Qe8+ Kh7 36. Qxg6+ Kxg6 37. Bc5 Rd2+ 38. Kxf3 b6
39. Re6+ Kf7 40. Rxb6 Rd3+ 41. Be3 Rxc3 42. Rxa6 g5 43. h3 h5 44. g4 h4 45.
b5 Ke7 46. Ke4 Kd7 47. b6 Kc8 48. Ra7 Rb3 49. a4 Rb4+ 50. Kd5 Rb3 51. Kc6
Rc3+ 52. Bc5 Kb8 53. Rg7 Rf3 54. Rg8+ Rf8 55. Bxf8 Kc8 56. Be7#
{Black checkmated}
1-0

[Event "ICC tourney 2716 (40 10)"]
[Site "Internet Chess Club"]
[Date "2021.10.23"]
[Round "4"]
[White "ZENG, ELBERT:investigator"]
[Black "TANG, AUSTIN:Mrpeetapizza"]
[Result "1-0"]
[ICCResult "Black resigns"]
[WhiteElo "2028"]
[BlackElo "1871"]
[Opening "Grünfeld: 5.Bf4"]
[ECO "D92"]
[NIC "GI.07"]
[Time "17:45:28"]
[PlyCount "107"]
[TimeControl "2400+10"]

1. d4 Nf6 2. c4 g6 3. Nc3 d5 4. Nf3 Bg7 5. Bf4 c6 6. Rc1 O-O 7. e3 Qb6 8.
Qd2 dxc4 9. Bxc4 Bf5 10. h3 Ne4 11. Nxe4 Bxe4 12. O-O Bxf3 13. gxf3 Nd7 14.
Bg5 Nf6 15. e4 Rfd8 16. Be3 Nh5 17. d5 Qxb2 18. Qxb2 Bxb2 19. Rb1 Be5 20.
Rxb7 cxd5 21. Bxd5 e6 22. Bb3 Nf4 23. Bxa7 Nxh3+ 24. Kh1 Rd3 25. Be3 Bf4 26.
Kg2 Bxe3 27. fxe3 Ng5 28. Re1 h5 29. Kg3 Rd2 30. Rh1 Rad8 31. e5 Nh7 32. f4
Rb2 33. Rc1 g5 34. Rcc7 h4+ 35. Kg4 Rg2+ 36. Kh5 Rf8 37. Bxe6 gxf4 38. Bxf7+
Kh8 39. Bd5 Rf5+ 40. Kxh4 Rh2+ 41. Kg4 Rg5+ 42. Kxf4 Rf2+ 43. Ke4 Rg4+ 44.
Kd3 Nf8 45. Rc1 Rh4 46. Rg1 Nd7 47. Rxd7 Rd4+ 48. Kc3 Rc2+ 49. Kxd4 Rc4+ 50.
Kd3 Rd4+ 51. Ke2 Rd2+ 52. Kf3 Rf2+ 53. Kg3 Rg2+ 54. Bxg2 {Black resigns} 1-0

[Event "ICC tourney 2716 (40 10)"]
[Site "Internet Chess Club"]
[Date "2021.10.23"]
[Round "4"]
[White "LIU, ERIC CHANG:el008"]
[Black "Vittal, Sanjana:MCTS13"]
[Result "1-0"]
[ICCResult "Black resigns"]
[WhiteElo "1941"]
[BlackElo "2056"]
[Opening "Two knights defense (Modern bishop's opening)"]
[ECO "C55"]
[NIC "IG.01"]
[Time "17:45:36"]
[PlyCount "133"]
[TimeControl "2400+10"]

1. e4 e5 2. Nf3 Nc6 3. Bc4 Nf6 4. d3 Be7 5. Nc3 O-O 6. O-O d6 7. a4 Kh8 8.
a5 a6 9. Ng5 Qe8 10. f4 h6 11. Nf3 exf4 12. Bxf4 Nh5 13. Be3 f5 14. exf5
Bxf5 15. Nd5 Bd8 16. Qd2 Qg6 17. Rae1 Bg4 18. Nd4 Bh4 19. Ra1 Nxd4 20. Bxd4
c6 21. Nf4 Nxf4 22. Rxf4 d5 23. Bb3 Rae8 24. Raf1 Rxf4 25. Qxf4 Kh7 26. Qf7
Qxf7 27. Rxf7 Re1+ 28. Rf1 Be2 29. Rxe1 Bxe1 30. Bc3 Bxc3 31. bxc3 Bg4 32.
Kf2 Kg6 33. Ke3 Kf6 34. Kd4 Ke7 35. Kc5 Kd7 36. Kb6 Kc8 37. c4 dxc4 38. Bxc4
Bf5 39. c3 Kb8 40. d4 Be4 41. Be6 Bxg2 42. c4 Bf1 43. Bf7 Bh3 44. d5 Bd7 45.
Be6 cxd5 46. cxd5 Bc8 47. Bf7 g5 48. Be8 Bf5 49. Bf7 Bc8 50. Bh5 Bd7 51. d6
Kc8 52. Bf3 Ba4 53. Bxb7+ Kd7 54. Bxa6 Bc2 55. Bb7 Bd3 56. Kc5 h5 57. a6
Bxa6 58. Bxa6 g4 59. Bb5+ Kd8 60. Be2 Kd7 61. Kd5 Kd8 62. Ke6 Ke8 63. d7+
Kd8 64. Bd1 h4 65. Bxg4 h3 66. Bxh3 Kc7 67. Ke7 {Black resigns} 1-0

[Event "ICC tourney 2716 (40 10)"]
[Site "Internet Chess Club"]
[Date "2021.10.23"]
[Round "4"]
[White "DENG, HENRY:SuperPuzzler"]
[Black "SHAWKAT, SAIF:saif-shawkat"]
[Result "0-1"]
[ICCResult "White forfeits on time"]
[WhiteElo "2061"]
[BlackElo "1970"]
[Opening "Sicilian: Najdorf, Opocensky variation"]
[ECO "B92"]
[NIC "SI.11"]
[Time "17:45:33"]
[PlyCount "122"]
[TimeControl "2400+10"]

1. e4 c5 2. Nf3 d6 3. d4 cxd4 4. Nxd4 Nf6 5. Nc3 a6 6. Be2 e5 7. Nb3 Be7 8.
O-O O-O 9. Qd3 Be6 10. Bd2 Nbd7 11. Nd5 Bxd5 12. exd5 a5 13. a4 b6 14. c4
Ne8 15. Rae1 Bg5 16. Kh1 Bxd2 17. Qxd2 Nc5 18. Nxc5 bxc5 19. b3 Nf6 20. g4
Nd7 21. Bd3 g6 22. Qh6 Qf6 23. Qh3 Qg5 24. Re3 Rab8 25. Bc2 Nf6 26. Rg1 Kg7
27. Qg3 h5 28. gxh5 Qxg3 29. hxg3 Ng4 30. Re2 Rh8 31. Kg2 Rxh5 32. Rh1 Rxh1
33. Kxh1 Rh8+ 34. Kg1 f5 35. f3 Nf6 36. Kg2 Nh5 37. Re1 f4 38. g4 Ng3 39.
Bd3 Kf6 40. Bc2 Rb8 41. Kf2 e4 42. Bxe4 Rxb3 43. Kg1 Rc3 44. Bb1 Rxc4 45.
Re6+ Kg7 46. Bxg6 Rxa4 47. Rxd6 Ra1+ 48. Kg2 Ra2+ 49. Kg1 Ne2+ 50. Kf1 Ng3+
51. Kg1 a4 52. Ra6 c4 53. Rc6 Ra1+ 54. Kg2 Ra2+ 55. Kg1 Rd2 56. Rxc4 a3 57.
Rc1 Kxg6 58. Ra1 a2 59. d6 Kf7 60. d7 Ke7 61. g5 Rb2 {White forfeits on
time} 0-1

[Event "ICC tourney 2716 (40 10)"]
[Site "Internet Chess Club"]
[Date "2021.10.23"]
[Round "4"]
[White "BAGCHI, SOUNAK:Chesssaga"]
[Black "TANG, ZOEY:WonderZ"]
[Result "0-1"]
[ICCResult "White resigns"]
[WhiteElo "1870"]
[BlackElo "2081"]
[Opening "Sicilian, Chekhover variation"]
[ECO "B53"]
[NIC "SI.02"]
[Time "17:45:28"]
[PlyCount "148"]
[TimeControl "2400+10"]

1. e4 c5 2. Nf3 d6 3. d4 cxd4 4. Qxd4 Nc6 5. Bb5 Bd7 6. Qd3 Rc8 7. c4 a6 8.
Bxc6 Bxc6 9. Nc3 Nf6 10. O-O g6 11. h3 Bg7 12. Nd4 O-O 13. Be3 Bd7 14. Rac1
e6 15. Rfd1 Qc7 16. b3 Rfd8 17. a4 Be8 18. Nf3 Bc6 19. Qb1 b6 20. Nd4 Ba8
21. f3 Qb8 22. Nde2 d5 23. cxd5 exd5 24. e5 Nd7 25. Nxd5 Bxd5 26. Rxd5 Nxe5
27. Rcd1 Rxd5 28. Rxd5 Qb7 29. Qd1 Re8 30. Rd8 Qc6 31. Rxe8+ Qxe8 32. Bxb6
Bf6 33. Nd4 Nd7 34. Ba7 Qa8 35. Nb5 Qb7 36. Bd4 axb5 37. Bxf6 Nxf6 38. Qd8+
Kg7 39. Qd4 bxa4 40. bxa4 Qd5 41. Qa1 Qa5 42. h4 h5 43. Qd4 Qd5 44. Qa1 Qc5+
45. Kh1 Qf2 46. a5 Qxh4+ 47. Kg1 Qc4 48. a6 Qc5+ 49. Kh1 Qa7 50. g4 hxg4 51.
fxg4 g5 52. Qe5 Qxa6 53. Qxg5+ Kf8 54. Qc5+ Ke8 55. g5 Qf1+ 56. Kh2 Qf4+ 57.
Kh1 Qe4+ 58. Kg1 Nd7 59. Qa5 Qe3+ 60. Kh1 Qh3+ 61. Kg1 Qg4+ 62. Kh1 Qd1+ 63.
Kg2 Qc2+ 64. Kh1 Qc6+ 65. Kh2 Qc5 66. Qd2 Ke7 67. Kh1 Ne5 68. Qf4 Qd5+ 69.
Kh2 Nf3+ 70. Kg3 Qxg5+ 71. Kxf3 Qxf4+ 72. Kxf4 Kf6 73. Ke4 Kg5 74. Kf3 Kf5
{White resigns}
0-1

[Event "ICC tourney 2716 (40 10)"]
[Site "Internet Chess Club"]
[Date "2021.10.23"]
[Round "4"]
[White "IVANOV, ALEXANDER:marble"]
[Black "SLADE, THEODORE LUKE:MrNormalName"]
[Result "1/2-1/2"]
[ICCResult "Game drawn by repetition"]
[WhiteElo "2422"]
[BlackElo "2112"]
[Opening "Ruy Lopez: Berlin defense"]
[ECO "C65"]
[NIC "RL.07"]
[Time "17:46:38"]
[PlyCount "159"]
[TimeControl "2400+10"]

1. e4 e5 2. Nf3 Nc6 3. Bb5 Nf6 4. Qe2 Bc5 5. c3 O-O 6. d3 h6 7. Bxc6 bxc6 8.
Nxe5 Ba6 9. Nd2 Re8 10. Nef3 d5 11. e5 Ng4 12. O-O Bd6 13. Nb3 Nxe5 14. Nxe5
Bxe5 15. Qf3 Qh4 16. h3 Bd6 17. Bd2 Bc8 18. Rfe1 Bd7 19. Nd4 Be5 20. Ne2 Bd6
21. Ng3 Bxg3 22. fxg3 Qd8 23. Rxe8+ Qxe8 24. Bf4 Qc8 25. g4 Rb8 26. b3 Be6
27. Qf2 a6 28. Re1 Ra8 29. Qg3 Ra7 30. g5 hxg5 31. Bxg5 Bf5 32. Re7 a5 33.
Bf4 a4 34. Qe3 Ra8 35. bxa4 Qa6 36. d4 Qxa4 37. Re8+ Kh7 38. Re7 Kg8 39. Qe2
Be4 40. Qh5 Bg6 41. Qg4 Qc2 42. Be5 Qb1+ 43. Kh2 Qxa2 44. h4 Qc2 45. h5 Qf5
46. Qxf5 Bxf5 47. Rxc7 Ra2 48. Kg3 Be4 49. Rxc6 Rxg2+ 50. Kf4 f6 51. Bd6 Bd3
52. Rc5 Bc4 53. h6 gxh6 54. Kf5 Bd3+ 55. Kxf6 Rg6+ 56. Ke7 Bc4 57. Be5 Ra6
58. Rc7 h5 59. Rc8+ Kh7 60. Rh8+ Kg6 61. Rg8+ Kf5 62. Rf8+ Kg4 63. Rg8+ Kf5
64. Rf8+ Kg4 65. Rf4+ Kg5 66. Rf2 h4 67. Rg2+ Kf5 68. Rf2+ Kg4 69. Rf4+ Kg5
70. Rf3 Kg4 71. Rf4+ Kg5 72. Rf3 Rh6 73. Rf2 Kg4 74. Kf7 h3 75. Bh2 Ra6 76.
Rf4+ Kg5 77. Rf3 Kg4 78. Rf4+ Kg5 79. Rf3 Kg4 80. Rf4+
{Game drawn by repetition}
1/2-1/2

[Event "ICC tourney 2716 (40 10)"]
[Site "Internet Chess Club"]
[Date "2021.10.23"]
[Round "5"]
[White "RAMASWAMY, PUDUR:clair"]
[Black "MARKOVIC, GORAN:Goran21"]
[Result "0-1"]
[ICCResult "White checkmated"]
[WhiteElo "1769"]
[BlackElo "1856"]
[Opening "Queen's pawn: London system"]
[ECO "A45"]
[NIC "QP.07"]
[Time "20:01:30"]
[PlyCount "54"]
[TimeControl "2400+10"]

1. d4 Nf6 2. Bf4 d5 3. e3 Bf5 4. c4 Nc6 5. Qb3 Na5 6. Qa4+ c6 7. Nf3 dxc4 8.
Ne5 e6 9. Nxc4 Nxc4 10. Qxc4 Nd5 11. Qb3 Bxb1 12. Rxb1 Nxf4 13. exf4 Qxd4
14. a3 Qe4+ 15. Kd2 Rd8+ 16. Bd3 Qxf4+ 17. Ke1 Bc5 18. Rf1 O-O 19. Qc4 Rd4
20. Qc2 Rfd8 21. Rd1 Qe5+ 22. Be2 Rxd1+ 23. Qxd1 Rxd1+ 24. Kxd1 Qxb2 25. Bf3
Bxf2 26. Be2 Be3 27. Bf3 Qd2# {White checkmated} 0-1

[Event "ICC tourney 2716 (40 10)"]
[Site "Internet Chess Club"]
[Date "2021.10.23"]
[Round "5"]
[White "ABEND, JAMES LUKE:DoritoFarmer"]
[Black "CHAMPSI, IMRAN:imranchamp"]
[Result "0-1"]
[ICCResult "White resigns"]
[WhiteElo "179"]
[BlackElo "1668"]
[Opening "Sicilian defense"]
[ECO "B33"]
[NIC "SI.32"]
[Time "20:00:49"]
[PlyCount "58"]
[TimeControl "2400+10"]

1. e4 c5 2. Nf3 Nc6 3. d4 cxd4 4. Nxd4 Nf6 5. Nd2 Nxd4 6. e5 Ng8 7. b3 Nc6
8. Bb2 d6 9. exd6 Qxd6 10. Bb5 Nf6 11. O-O e6 12. Re1 Be7 13. Be5 Qc5 14.
Qe2 O-O 15. Qe3 Qxe3 16. Rxe3 Nxe5 17. Rxe5 Bb4 18. Ne4 Nxe4 19. Rxe4 Bc3
20. Rd1 b6 21. Rc4 Bf6 22. Rc7 Rd8 23. Rxd8+ Bxd8 24. Rc4 Bb7 25. Bc6 Bxc6
26. Rxc6 Bf6 27. c4 Rd8 28. h3 g6 29. Rc7 Rd1+ {White resigns} 0-1

[Event "ICC tourney 2716 (40 10)"]
[Site "Internet Chess Club"]
[Date "2021.10.23"]
[Round "5"]
[White "YAN, RUIYANG:jy2020"]
[Black "Belous, Vladimir:Openyagami"]
[Result "1/2-1/2"]
[ICCResult "Game drawn by mutual agreement"]
[WhiteElo "2160"]
[BlackElo "2568"]
[Opening "Sicilian: Hungarian variation"]
[ECO "B27"]
[NIC "SI.43"]
[Time "20:00:46"]
[PlyCount "68"]
[TimeControl "2400+10"]

1. e4 c5 2. Nf3 g6 3. d4 cxd4 4. Nxd4 Bg7 5. c4 Qb6 6. Nb3 Nc6 7. Nc3 d6 8.
Be3 Qc7 9. Qd2 Nf6 10. f3 O-O 11. Be2 Ne5 12. Nd5 Nxd5 13. cxd5 Nc4 14. Bxc4
Qxc4 15. Bd4 Bd7 16. Bxg7 Kxg7 17. Qd4+ Qxd4 18. Nxd4 Rfc8 19. Kd2 Rc4 20.
Ne2 f5 21. Rhc1 Rac8 22. Rxc4 Rxc4 23. b3 Rc8 24. Rc1 Rxc1 25. Nxc1 fxe4 26.
fxe4 Kf6 27. Ke3 Bb5 28. a4 Bf1 29. Kf2 Ba6 30. Ke3 Ke5 31. g3 e6 32. dxe6
Kxe6 33. Kd4 Bf1 34. Na2 a5 {Game drawn by mutual agreement} 1/2-1/2

[Event "ICC tourney 2716 (40 10)"]
[Site "Internet Chess Club"]
[Date "2021.10.23"]
[Round "5"]
[White "JIANG, JASON:JasonJiang10"]
[Black "Gaw, Chloe:HarleyQueen8"]
[Result "1/2-1/2"]
[ICCResult "Game drawn by mutual agreement"]
[WhiteElo "1784"]
[BlackElo "1828"]
[Opening "English: symmetrical variation"]
[ECO "A37"]
[NIC "EO.28"]
[Time "20:01:02"]
[PlyCount "45"]
[TimeControl "2400+10"]

1. c4 c5 2. Nc3 Nc6 3. g3 g6 4. Bg2 Bg7 5. Nf3 e6 6. e4 Nge7 7. O-O O-O 8.
d3 d5 9. exd5 exd5 10. Bf4 Bg4 11. h3 Bxf3 12. Bxf3 dxc4 13. dxc4 Qxd1 14.
Raxd1 Be5 15. Bxc6 Nxc6 16. Bxe5 Nxe5 17. b3 Rad8 18. Kg2 Kg7 19. Ne4 b6 20.
f4 Nc6 21. Nc3 Nd4 22. Kf2 Rfe8 23. Rfe1 {Game drawn by mutual agreement}
1/2-1/2

[Event "ICC tourney 2716 (40 10)"]
[Site "Internet Chess Club"]
[Date "2021.10.23"]
[Round "5"]
[White "FILIPOVICH, DAVID MICHAEL:dmfcan"]
[Black "LIU, ERIC CHANG:el008"]
[Result "1-0"]
[ICCResult "Black resigns"]
[WhiteElo "2050"]
[BlackElo "1941"]
[Opening "Réti: King's Indian attack (Barcza system)"]
[ECO "A07"]
[NIC "QP.09"]
[Time "20:00:40"]
[PlyCount "51"]
[TimeControl "2400+10"]

1. Nf3 d5 2. g3 Nf6 3. Bg2 c5 4. O-O e6 5. d4 Nc6 6. c4 dxc4 7. Ne5 Nxd4 8.
e3 Nc6 9. Bxc6+ bxc6 10. Qxd8+ Kxd8 11. Nxf7+ Ke8 12. Nxh8 g6 13. b3 Bg7 14.
Bb2 Bxh8 15. bxc4 Ba6 16. Nd2 Ke7 17. Rfd1 Nd7 18. Bxh8 Rxh8 19. Rab1 Nb6
20. Ne4 Bxc4 21. Nxc5 Bxa2 22. Ra1 Bc4 23. Rxa7+ Kf6 24. Ne4+ Ke5 25. Nd6
Rb8 26. f4+ {Black resigns} 1-0

[Event "ICC tourney 2716 (40 10)"]
[Site "Internet Chess Club"]
[Date "2021.10.23"]
[Round "5"]
[White "YANG, ALEXANDER:K05-16917728"]
[Black "TANG, DYLAN:ruitang"]
[Result "1/2-1/2"]
[ICCResult "Game drawn by mutual agreement"]
[WhiteElo "1663"]
[BlackElo "1504"]
[Opening "QGD: 4.Bg5 Be7"]
[ECO "D53"]
[NIC "QO.13"]
[Time "20:00:45"]
[PlyCount "77"]
[TimeControl "2400+10"]

1. d4 d5 2. c4 e6 3. Nc3 Nf6 4. Bg5 Be7 5. Nf3 c6 6. e3 Nbd7 7. Bd3 O-O 8.
O-O h6 9. Bh4 b6 10. cxd5 exd5 11. Re1 Bb7 12. Rc1 Re8 13. Qc2 c5 14. Bf5 a6
15. a4 cxd4 16. Nxd4 Nc5 17. b4 Nce4 18. Nxe4 dxe4 19. b5 Qd5 20. Qc4 Qe5
21. Bg3 axb5 22. Qxb5 Qxb5 23. axb5 Bc5 24. Ra1 Bxd4 25. exd4 Rxa1 26. Rxa1
Bc8 27. Bxc8 Rxc8 28. h3 Rc4 29. Ra8+ Kh7 30. Be5 Rb4 31. Bxf6 gxf6 32. Ra7
Kg6 33. Re7 Rxd4 34. Rb7 Rd6 35. Kf1 f5 36. Ke2 Kf6 37. Ke3 Kg5 38. f4+ Kf6
39. Ke2 {Game drawn by mutual agreement} 1/2-1/2

[Event "ICC tourney 2716 (40 10)"]
[Site "Internet Chess Club"]
[Date "2021.10.23"]
[Round "5"]
[White "Vittal, Sanjana:MCTS13"]
[Black "YAN, NATHAN:Natey"]
[Result "0-1"]
[ICCResult "White resigns"]
[WhiteElo "2056"]
[BlackElo "1849"]
[Opening "Vienna game"]
[ECO "C28"]
[NIC "IG.04"]
[Time "20:00:50"]
[PlyCount "92"]
[TimeControl "2400+10"]

1. e4 e5 2. Bc4 Nc6 3. Nc3 Nf6 4. d3 Bc5 5. f4 d6 6. Nf3 a6 7. Nd5 Be6 8. c3
Qd7 9. b4 Ba7 10. Qe2 O-O-O 11. a4 exf4 12. b5 Bxd5 13. Bxd5 Nxd5 14. bxc6
Qxc6 15. c4 Ne3 16. g3 f5 17. Ng5 fxe4 18. dxe4 f3 19. Qd3 f2+ 20. Ke2 f1=Q+
21. Rxf1 Nxf1 22. Kxf1 Rhf8+ 23. Ke1 Qc5 24. Ne6 Qf2+ 25. Kd1 Rf3 26. Qd5
Qg1+ 27. Kc2 Qxh2+ 28. Bd2 Be3 29. Nxd8 Qxd2+ 30. Qxd2 Bxd2 31. Kxd2 Kxd8
32. Rh1 h6 33. Rb1 b6 34. a5 bxa5 35. Ra1 Rxg3 36. Rxa5 g5 37. Rxa6 h5 38.
Ra8+ Kd7 39. Rh8 h4 40. Ke2 Rc3 41. Rh5 Rxc4 42. Kf3 Rc5 43. Kg4 Re5 44. Kf3
g4+ 45. Kxg4 Rxh5 46. Kxh5 h3 {White resigns} 0-1

[Event "ICC tourney 2716 (40 10)"]
[Site "Internet Chess Club"]
[Date "2021.10.23"]
[Round "5"]
[White "HO, COOPER:arsenicblast"]
[Black "LIU, ZACHARY HANKUN:K03-17349625"]
[Result "1-0"]
[ICCResult "Black checkmated"]
[WhiteElo "1868"]
[BlackElo "1586"]
[Opening "Sicilian: Pelikan, Chelyabinsk variation"]
[ECO "B33"]
[NIC "SI.37"]
[Time "20:00:36"]
[PlyCount "107"]
[TimeControl "2400+10"]

1. e4 c5 2. Nf3 Nc6 3. d4 cxd4 4. Nxd4 Nf6 5. Nc3 e5 6. Ndb5 d6 7. Bg5 a6 8.
Na3 b5 9. Nd5 Be7 10. Bxf6 Bxf6 11. c3 O-O 12. Nc2 Rb8 13. h4 g6 14. g3 Bg7
15. h5 Be6 16. Bg2 Ne7 17. Nce3 Qd7 18. h6 Bh8 19. g4 Nxd5 20. exd5 Bxg4 21.
Nxg4 f5 22. Ne3 Qe7 23. O-O Qg5 24. Nc2 Qxh6 25. Nb4 Ra8 26. a4 Qg5 27. axb5
axb5 28. Rxa8 Rxa8 29. Qe2 e4 30. Nc6 Re8 31. f4 Qh4 32. Qxb5 Qg3 33. Qe2 h5
34. Nb4 h4 35. Qe1 Qg4 36. Qe3 Bf6 37. Kh2 Kf7 38. Bh3 Qh5 39. Nc6 Rf8 40.
b4 Qh8 41. Nd4 Rb8 42. Nc6 Ra8 43. c4 Ra2+ 44. Rf2 Ra1 45. b5 Qa8 46. b6 Ra3
47. b7 Qa4 48. Qb6 Rxh3+ 49. Kxh3 Qa3+ 50. Kg2 Qg3+ 51. Kf1 e3 52. Qc7+ Kf8
53. b8=Q+ Bd8 54. Qbxd8# {Black checkmated} 1-0

[Event "ICC tourney 2716 (40 10)"]
[Site "Internet Chess Club"]
[Date "2021.10.23"]
[Round "5"]
[White "HO, CARTER:corviknight"]
[Black "TRANDAFIR, STEFAN:trandaferrari"]
[Result "0-1"]
[ICCResult "White resigns"]
[WhiteElo "1931"]
[BlackElo "1882"]
[Opening "Sicilian: Pelikan, Chelyabinsk variation"]
[ECO "B33"]
[NIC "SI.37"]
[Time "20:00:41"]
[PlyCount "104"]
[TimeControl "2400+10"]

1. e4 c5 2. Nf3 Nc6 3. d4 cxd4 4. Nxd4 Nf6 5. Nc3 e5 6. Ndb5 d6 7. Bg5 a6 8.
Na3 b5 9. Nd5 Be7 10. Bxf6 Bxf6 11. c3 Ne7 12. Nc2 Nxd5 13. Qxd5 Rb8 14. Ne3
Bb7 15. Qd3 O-O 16. Be2 Bg5 17. Nd5 Bxd5 18. Qxd5 b4 19. c4 Qb6 20. Rd1 Rfd8
21. O-O a5 22. g3 a4 23. Kh1 b3 24. a3 Qc5 25. f4 Bf6 26. f5 Rbc8 27. Rf3
Qxd5 28. Rxd5 Rc5 29. Rfd3 Be7 30. Rxc5 dxc5 31. Rxd8+ Bxd8 32. h4 f6 33.
Kg2 Ba5 34. Kf2 Bd2 35. Bd3 Bc1 36. Ke2 Bxb2 37. Kd2 Bxa3 38. Kc3 Bb4+ 39.
Kb2 Kf7 40. g4 h6 41. h5 Ke7 42. Be2 Kd6 43. Bd1 Kc6 44. Bxb3 axb3 45. Kxb3
Be1 46. Ka4 Kb6 47. Kb3 Ka5 48. Ka3 Bd2 49. Kb3 Bb4 50. Kb2 Ka4 51. Ka2 Be1
52. Kb2 Kb4 {White resigns} 0-1

[Event "ICC tourney 2716 (40 10)"]
[Site "Internet Chess Club"]
[Date "2021.10.23"]
[Round "5"]
[White "BAYYARAPU, MOHIT SREEJAN:mohitbayyarapu"]
[Black "LIANG, ETHAN Y:ELCCEthan488"]
[Result "0-1"]
[ICCResult "White forfeits on time"]
[WhiteElo "1652"]
[BlackElo "1799"]
[Opening "Sicilian: closed, 2...Nc6"]
[ECO "B23"]
[NIC "SI.44"]
[Time "20:00:41"]
[PlyCount "110"]
[TimeControl "2400+10"]

1. e4 c5 2. Nc3 Nc6 3. Nf3 e5 4. Be2 d6 5. d3 Be7 6. Be3 Nf6 7. h3 Be6 8.
O-O h6 9. Nh2 Nd4 10. Bg4 Nxg4 11. Nxg4 Qd7 12. Nh2 b5 13. Bxd4 cxd4 14. Ne2
O-O 15. f4 f6 16. f5 Bf7 17. Ng3 Rfc8 18. Rf2 Rc5 19. Qg4 Rac8 20. Rc1 d5
21. Nf3 R8c6 22. Ne1 b4 23. Nh5 Bf8 24. Nf3 dxe4 25. dxe4 Bxh5 26. Qxh5 d3
27. Rd1 Rxc2 28. Rfd2 Rxd2 29. Rxd2 Bc5+ 30. Kh2 Be3 31. Rxd3 Bf4+ 32. Kh1
Qe7 33. Rd1 Rc2 34. Ne1 Rxb2 35. Nd3 Rxa2 36. Nxb4 Rd2 37. Rb1 Rd7 38. Nd5
Qf8 39. Qg6 Rf7 40. Qg4 Bd2 41. Qe2 Ba5 42. Qa6 Bd2 43. Qa2 Bf4 44. Qc4 Kh7
45. Qe2 Qc5 46. Qg4 Rf8 47. Qg6+ Kh8 48. Qg4 Qc2 49. Rf1 Qxe4 50. Nxf4 exf4
51. Rxf4 Qe1+ 52. Kh2 Qe5 53. Qg3 a5 54. Rf3 Qb5 55. Qf4 Qc5
{White forfeits on time}
0-1